AoeStats
← Lukan

Coastal Forest

503752191Analyzed
2v2 RM · 2mo ago on Sep 2, 2026· 29m 37s· 4 players
Game mode
Random Map
Map size
Medium (4 player)
Population
200
Speed
Normal
Resources
Standard
Victory
Conquest
Starting age
Dark Age
Ending age
Imperial Age
RankedLock teamsTeams togetherTeam positionsShared explorationLock speedFull tech treeHidden civsTurbo modeCheats
Victory
Defeat
🇺🇸 Goths · United States
1195
+15
🇵🇪 Khitans · Peru
1194
+15
vs
🇲🇽 Spanish · Mexico
1220
-17
🇵🇪 Britons · Peru
1143
-14
moramarlon18
4:26 Loom
10:19 Feudal Age
10:51 Double-Bit Axe
13:12 Scale Barding Armor
13:10 Domestication
14:06 Forging
26:47 Castle Age
28:18 Husbandry
28:57 Iron Casting
diegogv91
8:40 Loom
10:25 Feudal Age
10:32 Man-at-Arms
11:25 Double-Bit Axe
15:27 Scale Mail Armor
19:19 Forging
21:22 Fishing Lines
21:40 Horse Collar
26:37 Castle Age
24:36 Gold Mining
26:17 Fletching
26:27 Padded Archer Armor
27:10 Long Swordsman
28:07 Chain Mail Armor
28:19 Squires
28:58 Iron Casting
Principipe6724
3:56 Loom
Lukan
5:05 Loom
9:32 Feudal Age
17:27 Fletching
22:33 Padded Archer Armor
26:38 Castle Age
Connection lost

Rejoining the realm…

Still unreachable

The connection could not be restored.

Session expired

The server has moved on; the page needs a fresh start.